 Dungeon Crawl Stone Soup version 0.18.1-48-g4cf74bf (webtiles) character file.

101 Aguirre the Chopper (level 4, 0/41 HPs)
             Began as a Minotaur Berserker on Aug 31, 2016.
             Was a Believer of Trog.
             Succumbed to a worker ant's poison
             ... on level 2 of the Dungeon.
             The game lasted 00:05:24 (1274 turns).

Aguirre the Chopper (Minotaur Berserker)            Turns: 1274, Time: 00:05:24

Health: 0/41       AC:  2    Str: 19 (21) XL:     4   Next: 48%
Magic:  3/3        EV: 12    Int:  3 (5)  God:    Trog [**....]
Gold:   57         SH:  0    Dex:  8 (10) Spells: 0 memorised, 3 levels left

rFire  + . .     SeeInvis .     a - +0 hand axe
rCold  + . .     Gourm    .     b - +0 animal skin
rNeg   . . .     Faith    .     (no shield)
rPois  +         Spirit   .     (helmet restricted)
rElec  +         Dismiss  .     (no cloak)
rCorr  +         Reflect  .     (no gloves)
SustAt .         Harm     .     (no boots)
MR     .....                    (no amulet)
Stlth  +.........               (no ring)
                                (no ring)

@: lethally poisoned (0 -> -7), resistant, very slightly contaminated, hasted,
very quick, not resistant to hostile enchantments, very unstealthy
A: retaliatory headbutt, horns 2
a: Berserk, Trog's Hand, Burn Spellbooks, Renounce Religion


You were on level 2 of the Dungeon.
You worshipped Trog.
Trog was pleased with you.
You were not hungry.

You visited 1 branch of the dungeon, and saw 2 of its levels.

You collected 57 gold pieces.

Inventory:

Hand Weapons
 a - a +0 hand axe (weapon)
Missiles
 j - 26 bolts
 m - 25 stones (quivered)
Armour
 b - a +0 animal skin (worn)
Scrolls
 d - a scroll of immolation {unknown}
 e - 2 scrolls of remove curse {unknown}
 g - a scroll of teleportation {unknown}
 k - a scroll of enchant weapon {unknown}
Potions
 h - a potion of resistance
 l - a potion of agility {unknown}
 n - a potion of curing {unknown}
Comestibles
 c - 2 bread rations
 o - a meat ration


   Skills:
 + Level 4.4 Fighting
 * Level 4.7 Axes
 * Level 3.4 Armour
 + Level 3.0 Dodging


You had 3 spell levels left.
You didn't know any spells.

Dungeon Overview and Level Annotations

Branches:
Dungeon (2/15)

Altars:
Makhleb


Innate Abilities, Weirdness & Mutations

You reflexively headbutt those who attack you in melee.
You have a pair of horns on your head.


Message History

You feel sick.
* * * LOW HITPOINT WARNING * * *
You feel sick.
* * * LOW HITPOINT WARNING * * *
You feel sick.
* * * LOW HITPOINT WARNING * * *
You feel sick.
Drink which item? (? for menu, Esc to quit)
It was a potion of resistance.
You feel protected.
* * * LOW HITPOINT WARNING * * *
You feel sick.
Drink which item? (? for menu, Esc to quit)
It was a potion of haste.
You feel yourself speed up.
You are very lightly contaminated with residual magic.
Drink which item? (? for menu, Esc to quit)
It was a potion of degeneration.
There was something very wrong with that liquid.
You feel weakened.
You feel dopey.
You feel clumsy.
You die...

.....##.≈≈≈##.........#
......########..#######
#.#####.# #....###
#..## #.####.#....#
##..###..#...##........
##....#...###..#..####
##...........###.#
#...####......#.# #...#
######@# # #...# #.#
#..## #.( ##.## ###.
#..########## #.
##........<.# .(
##########......(
.####..( ##


There were no monsters in sight!

Vanquished Creatures
  A crimson imp (D:2)
  A worker ant (D:2)
  2 worms (D:2)
  2 dart slugs (D:1)
  4 giant geckos
  5 bats
  2 giant cockroaches (D:1)
  3 goblins (D:1)
  3 hobgoblins (D:1)
  2 kobolds (D:1)
  2 ball pythons (D:1)
  3 giant newts
  A rat (D:1)
31 creatures vanquished.

Notes
Turn   | Place    | Note
--------------------------------------------------------------
     0 | D:1      | Aguirre the Minotaur Berserker began the quest for the Orb.
     0 | D:1      | Reached XP level 1. HP: 19/19 MP: 0/0
   160 | D:1      | Reached XP level 2. HP: 25/27 MP: 1/1
   829 | D:1      | Reached XP level 3. HP: 32/33 MP: 2/2
  1095 | D:2      | Reached ** piety under Trog
  1107 | D:2      | Found a burning altar of Makhleb.
  1121 | D:2      | Reached XP level 4. HP: 28/41 MP: 3/3
  1271 | D:2      | HP: 2/41 [poisoned by a worker ant]
  1274 | D:2      | Succumbed to a worker ant's poison

Skill      XL: |  1  2  3  4 |
---------------+-------------+-----
Axes           | 4 |  4.7
Fighting       | 4 |  4.4
Armour         | 3 |  3.4
Dodging        | 3 |  3.0

Action                   |  1- 3 |  4- 6 || total
-------------------------+-------+-------++-------
Melee: Hand axe          |    57 |     4 ||    61
       Headbutt          |     6 |       ||     6
Throw: Stone             |    13 |     5 ||    18
  Use: Potion            |       |     3 ||     3
  Eat: Chunk             |     1 |       ||     1
Armor: Animal skin       |    10 |       ||    10
Dodge: Dodged            |    50 |       ||    50
